Marron, chaotic male elven Priest ------ ------------------ -....|.|.--|................|---- |.........).................|)..| ----...-|....)[..--|--.........|?=%| --....---|.|...|..|...|..-----..|%%)| ---- |.....-- |.--.--..|...|--|.)[|o@--|--- - |..| ---.<....| |........|...| |((@-.o@..........- |..|-----|.......-- |........|---| |((.|......--+- | --.|-...||....---- |.----...|(((|+------..{...| |.|....---...|--- |[| +...|(((|.............| |.|.....--.---..| |.| |...|...--+-.....---|------------- -- |..........-|...| |.----...--|-- |..-|-|..................| --........--.|.--- |...|........| |..|..|----....--------- | |..............| |...|..#.....----..|..|%%.-....|......| --.---.........------...|-....{........|..|%..|........._.| --- --.........)....%..--..|....#.....--------....|......| ----......-----.......--.....................|------- --.....| |...........................---- ----.-- --...........--............-- --- ---..|.------|..|.--.------ ------ --------- Marron the Adept Experience level: 7 Strength: 14 Dexterity: 13 Constitution: 12 Intelligence: 11 Wisdom: 17 Charisma: 11 Health: 0(53) Energy: 46(95) Def: 7 Gold: 383 Moves: 3219 Dungeon seed: w_8CyE1OlkmiMfON Game ID: Marron_1615593634 Your Inventory: Coins $ - 383 gold pieces Weapons a - a blessed +1 mace (weapon in hand) j - a +0 club k - 2 cursed +0 daggers p - 9 +0 darts q - a cursed -3 dwarvish short sword s - 18 +0 arrows (in quiver) Q - a +0 axe T - a cursed -1 dwarvish mattock X - a +0 bow (alternate weapon; not wielded) Armor e - a +0 robe (being worn) n - a +0 small shield (being worn) A - a cursed -1 dwarvish iron helm E - a +0 dwarvish iron helm (being worn) M - a blessed +0 pair of iron shoes (being worn) Comestibles c - a clove of garlic d - a sprig of wolfsbane v - 2 food rations Z - a tripe ration Scrolls l - a cursed scroll of identify G - a scroll of genocide U - a scroll of magic mapping Spellbooks f - a spellbook of healing g - a spellbook of detect unseen Potions b - 4 potions of holy water m - a cursed potion of see invisible o - a potion of hallucination D - a potion of levitation I - a potion of water K - a potion of see invisible V - a potion of healing Rings t - a ring of polymorph control u - a cursed -1 ring of protection Wands L - a wand of teleportation (0:1) Y - a wand of teleportation (0:2) Tools h - an oil lamp (0:1219) i - a wooden flute r - 8 tallow candles (0:200) x - a tin opener B - a magic marker (0:87) C - a brass lantern (0:903) H - a credit card O - a lock pick R - a wax candle (0:400) W - a blindfold Gems w - a worthless piece of green glass y - a diamond z - 2 worthless pieces of black glass F - 2 worthless pieces of orange glass J - a touchstone N - a worthless piece of yellow glass P - a worthless piece of yellowish brown glass S - 2 worthless pieces of violet glass Spells and supernatural/magical abilities: Name Level Category Fail Memory h - healing 1 healing 0% 84% U - detect unseen 3 divination 85% 84% W - pray for help -- divine ? -- X - turn undead -- divine ? -- Your skills at the end: Fighting Skills Weapon Skills mace [Basic] Spellcasting Skills clerical spells [Basic] Final Attributes: You were piously aligned. You were sleep resistant. You had infravision. You are dead. Vanquished creatures: 2 small mimics a plains centaur a gnome mummy 6 gnome lords 5 gnomish wizards a kitten 10 dwarves 16 hill orcs a giant bat a monkey 3 orc zombies an iguana a coyote 5 hobbits 5 manes a hobgoblin a giant rat a cave spider 28 gnomes 5 jackals 2 foxes 3 goblins 3 sewer rats 6 grid bugs 3 lichens 2 newts 114 creatures vanquished. Voluntary challenges: You had been an atheist until turn 2817. You used a wielded weapon 192 times, starting on turn 62. You were illiterate. You never genocided any monsters. You never polymorphed an object. You never changed form. You used no wishes. You never split a pudding. You never wrote Elbereth's name. You never violated your personal moral code. Dungeon overview: The Dungeons of Doom: levels 1 to 3 Level 1 a fountain a long staircase Level 2 a fountain stairs to The Gnomish Mines Level 3 an altar to Shan Lai Ching The Gnomish Mines: levels 3 to 6 Level 3 stairs to The Dungeons of Doom Level 4 Level 5 Level 6 <- You were here many shops, a temple to Shan Lai Ching, some fountains, some trees History has recorded: On T:1 you entered the Dungeons of Doom to retrieve the Amulet of Yendor! On T:353 you reached level 2 of The Dungeons of Doom. On T:570 you reached level 3 of The Dungeons of Doom. On T:612 you advanced to experience level 2. On T:922 you advanced to experience level 3. On T:971 you reached level 1 of The Gnomish Mines. On T:1010 you advanced to experience level 4. On T:1057 you advanced to experience level 5. On T:1440 you reached level 2 of The Gnomish Mines. On T:1539 you advanced to experience level 6. On T:1984 you reached level 3 of The Gnomish Mines. On T:2451 you advanced to experience level 7. On T:2644 you reached level 4 of The Gnomish Mines. Score breakdown: Gold: 383 ( 8791 points) Experience: 7 levels (13645 points) Exploration: 6 levels ( 12.77%) ( 9890 points) Discoveries: 11 items ( 3.86%) ( 5893 points) Valuables value: (no points given unless you survive) Artifact value: 0 ( 0 points) Variety of kills: 26 monsters ( 6.82%) ( 7836 points) Turncount: 3219 turns ( -704 points) Survival: died (score multiplied by 80%) Total score: 36280 Latest messages: The magic missile bounces! The hill orc picks up an orcish helm. You miss the hill orc. You hit the hill orc. The hill orc swings his curved sword. The hill orc just misses! The hill orc zaps a wand of magic missile! The hill orc is killed by the magic missile! The magic missile hits you! The magic missile bounces! There are several objects here. The hill orc swings his curved sword. The hill orc hits! The hill orc zaps a wand of magic missile! The magic missile hits you! The magic missile bounces! The hill orc swings his curved sword. The hill orc hits! The hill orc zaps a wand of magic missile! The magic missile hits you! You die... Hyeghu looks at your corpse, shakes his head, and sighs. Final status: Goodbye Marron the Priest, killed by a magic missile... You died in The Gnomish Mines on dungeon level 6 with 36280 points, and 383 pieces of gold, after 3219 moves. You were level 7 with a maximum of 53 hit points when you died.